[Event "Titled Tuesday Blitz June 27 Late 2023"]
[White "Prestia, Paris"]
[Black "Jovic, Stanoje"]
[WhiteFideId "30925959"]
[BlackFideId "905020"]
[WhiteElo "2661"]
[BlackElo "2512"]
[Result "1/2-1/2"]
[Round "7"]
[TimeControl "180+2"]
[Date "2023.06.27"]
[WhiteClock "0:00:07"]
[BlackClock "0:00:11"]
[Board "64"]

1. d4 Nf6 2. c4 e6 3. Nc3 Bb4 4. e3 O-O 5. Ne2 d5 6. a3 Bxc3+ 7. Nxc3 b6 8. cxd5 exd5 9. Bd3 Ba6 10. Bxa6 Nxa6 11. O-O c5 12. b3 Rc8 13. Bb2 c4 14. b4 Ne4 15. f3 Nxc3 16. Bxc3 Nc7 17. a4 Re8 18. Qd2 a6 19. Rfe1 b5 20. e4 bxa4 21. Rxa4 Nb5 22. Rxa6 Ra8 23. Rxa8 Qxa8 24. Ra1 Qc6 25. e5 Ra8 26. Ra5 Rxa5 27. bxa5 h6 28. Qb2 Nxc3 29. Qxc3 Qa4 30. Kf2 g5 31. Kg3 Kg7 32. h4 Qb3 33. Qc1 gxh4+ 34. Kxh4 c3 35. a6 Qb2 36. Qf4 Qb6 37. Qf6+ Qxf6+ 38. exf6+ Kxf6 39. a7 c2 40. a8=Q c1=Q 41. Qxd5 Qe1+ 42. Kg4 Qf2 43. Qe5+ Kg6 44. g3 Qh2 45. Qf5+ Kg7 46. d5 Qd2 47. Qe5+ f6 48. Qe7+ Kg6 49. Qe8+ Kg7 50. Qe4 h5+ 51. Kh3 Qd1 52. Qe7+ Kg6 53. Qe8+ Kh6 54. Qf8+ Kg6 55. Qg8+ Kh6 56. Qf8+ Kg6 57. Qe8+ Kh6 58. Qe3+ Kg6 59. Qe4+ Kh6 60. f4 Qf1+ 61. Qg2 Qd1 62. Kh2 Kg7 63. Qe4 Qd2+ 64. Kh3 Qd1 65. Kg2 Qd2+ 66. Kf3 Qd1+ 67. Ke3 Qg1+ 68. Kf3 Qf1+ 69. Ke3 Qg1+ 70. Kd2 Qf2+ 71. Kd3 Qf1+ 72. Kd4 Qa1+ 73. Kc5 Qa5+ 74. Kd6 Qb6+ 75. Kd7 Qb7+ 76. Kd8 Qb8+ 77. Kd7 Qb7+ 78. Ke6 Qc8+ 79. Kd6 Qb8+ 80. Kc6 Qa8+ 81. Kc5 Qa5+ 82. Kd4 Qb4+ 83. Ke3 Qe1+ 84. Kd3 Qd1+ 85. Ke3 Qe1+ 86. Kf3 Qf1+ 87. Ke3 Qe1+ 1/2-1/2


[Site "https://www.chess.com"]

[Event "Titled Tuesday Blitz June 27 Late 2023"]
[White "Koutsin, Sergey"]
[Black "Manukyan, Sargis A."]
[WhiteFideId "14101483"]
[BlackFideId "13303970"]
[WhiteElo "2510"]
[BlackElo "2648"]
[Result "0-1"]
[Round "7"]
[TimeControl "180+2"]
[Date "2023.06.27"]
[WhiteClock "0:00:17"]
[BlackClock "0:02:20"]
[Board "65"]

1. d4 d5 2. c4 e6 3. Nc3 Nf6 4. cxd5 Nxd5 5. e4 Nxc3 6. bxc3 c5 7. Rb1 cxd4 8. cxd4 Nc6 9. Nf3 Bb4+ 10. Bd2 Bxd2+ 11. Qxd2 O-O 12. Bc4 b6 13. O-O Bb7 14. Qe3 h6 15. Rfd1 Na5 16. Be2 Rc8 17. Ne5 Nc6 18. Nxc6 Rxc6 19. Rd2 Qc7 20. Rbd1 Rc3 21. Rd3 Rc8 22. f3 Rc2 23. R3d2 Rxd2 24. Qxd2 Qc2 25. Kf2 Qa4 26. Kg1 Rc2 27. Qd3 Qxa2 28. Bf1 Ba6 29. Qxa6 Rxg2+ 30. Bxg2 Qxa6 31. Bf1 Qa4 32. Be2 Qb4 33. d5 exd5 34. exd5 Qd6 35. Ba6 b5 36. Bxb5 Qb6+ 37. Kg2 Qxb5 38. d6 Qd7 0-1


[Site "https://www.chess.com"]

[Event "Titled Tuesday Blitz June 27 Late 2023"]
[White "Mattheii"]
[Black "Karttunen, Mika"]
[BlackFideId "502081"]
[WhiteElo "2499"]
[BlackElo "2637"]
[Result "1-0"]
[Round "7"]
[TimeControl "180+2"]
[Date "2023.06.27"]
[WhiteClock "0:00:07"]
[BlackClock "0:00:00"]
[Board "66"]

1. d4 f5 2. g3 Nf6 3. Bg2 g6 4. c4 Bg7 5. Nc3 O-O 6. Nh3 d6 7. d5 Na6 8. O-O Nc5 9. Qc2 a5 10. Nf4 Bd7 11. Be3 Na6 12. Bd4 c5 13. dxc6 bxc6 14. a3 e5 15. Be3 exf4 16. Bxf4 Qe7 17. Rad1 Ne8 18. h4 Nc5 19. b4 axb4 20. axb4 Ne6 21. Bc1 Rc8 22. e3 Rb8 23. Ba3 Qf6 24. Ne2 Qe7 25. Rd2 Rf7 26. Rfd1 N6c7 27. Nf4 Ra8 28. Qb3 Qd8 29. b5 cxb5 30. Bxa8 Qxa8 31. cxb5 Nxb5 32. Bb2 Nec7 33. h5 g5 34. Nd5 Be6 35. Nxc7 Bxb3 36. Nxa8 Bf8 37. Ra1 Rb7 38. Bd4 Bf7 39. Nb6 Bxh5 40. Nd5 Bf3 41. Nf6+ Kf7 42. Rb1 Be7 43. Nxh7 Nxd4 44. Rxb7 Bxb7 45. Rxd4 Kg6 46. Rb4 Bf3 47. Ra4 Kf7 48. Ra7 Ke6 49. Kf1 g4 50. Ke1 d5 51. Ra6+ Kf7 52. Kd2 Bc5 53. Rc6 Be7 54. Ra6 d4 55. exd4 Kg7 56. Ra7 Kf7 57. Ng5+ Kf6 58. Ke3 Bd6 59. Nh7+ Ke6 60. Ng5+ Kd5 61. Nf7 Bc7 62. Rxc7 Ke6 63. Rc5 Kxf7 64. Re5 Kf6 65. Kf4 1-0


[Site "https://www.chess.com"]

[Event "Titled Tuesday Blitz June 27 Late 2023"]
[White "Titichoca Daza, Daniel"]
[Black "Moral Garcia, Serafin"]
[WhiteFideId "3309550"]
[BlackFideId "2201925"]
[WhiteElo "2468"]
[BlackElo "2608"]
[Result "0-1"]
[Round "7"]
[TimeControl "180+2"]
[Date "2023.06.27"]
[WhiteClock "0:00:00"]
[BlackClock "0:00:22"]
[Board "67"]

1. c4 e5 2. Nc3 Nf6 3. Nf3 Nc6 4. e3 Bb4 5. Qc2 Bxc3 6. Qxc3 Qe7 7. d4 exd4 8. Nxd4 Ne5 9. Be2 d6 10. O-O O-O 11. b3 c5 12. Nf3 Bf5 13. Nxe5 Qxe5 14. Qxe5 dxe5 15. Bb2 Rfe8 16. Rfd1 Nd7 17. Rd6 f6 18. Rad1 Nf8 19. Bf3 Rab8 20. Bd5+ Kh8 21. f4 exf4 22. Rxf6 Be6 23. Rxf8+ Rxf8 24. Bxe6 Rbe8 25. Bd5 fxe3 26. Re1 b6 27. Bc1 Rf2 28. Rxe3 Rxe3 29. Bxe3 Rxa2 30. Bc6 Rb2 31. Ba4 Kg8 32. Bf4 Kf7 33. Bb8 a6 34. Ba7 Ke6 35. Bxb6 Kd6 36. Ba5 Ra2 37. Bc3 g6 38. h3 Ke6 39. Kh2 Kf5 40. Kg3 Ke4 41. Bf6 Rd2 42. Bc6+ Kf5 43. Be7 Rd3+ 44. Kf2 Rxb3 45. Bxc5 Rc3 46. Bd5 a5 47. Bd4 Rc2+ 48. Ke3 Rc1 49. g4+ Kg5 50. Kf3 Kh4 51. Kg2 Rc2+ 52. Bf2+ Kg5 53. Kf3 Kf6 54. c5 Ke5 55. Bb7 a4 0-1


[Site "https://www.chess.com"]

[Event "Titled Tuesday Blitz June 27 Late 2023"]
[White "marik_spb"]
[Black "Isajevsky, Anton"]
[BlackFideId "4142500"]
[WhiteElo "2468"]
[BlackElo "2601"]
[Result "0-1"]
[Round "7"]
[TimeControl "180+2"]
[Date "2023.06.27"]
[WhiteClock "0:00:09"]
[BlackClock "0:00:10"]
[Board "68"]

1. d4 d5 2. c4 e6 3. Nf3 Nf6 4. g3 Bb4+ 5. Bd2 Be7 6. Bg2 O-O 7. O-O Nbd7 8. Qc2 c6 9. b3 a5 10. a4 b6 11. Rd1 Ba6 12. Bf4 Rc8 13. Nbd2 Nh5 14. e4 Nxf4 15. gxf4 Bb4 16. Ne5 Nf6 17. Kh1 Bb7 18. Rg1 Bxd2 19. Qxd2 dxe4 20. Qe3 c5 21. Rad1 cxd4 22. Rxd4 Qc7 23. Rgd1 Rfd8 24. h3 h6 25. Ng4 Nxg4 26. hxg4 f5 27. Kh2 Rxd4 28. Rxd4 Rd8 29. Kg3 Rxd4 30. Qxd4 g5 31. Qe5 Qxe5 32. fxe5 f4+ 33. Kh2 Kf8 34. Kg1 Ke7 35. Kf1 f3 36. Bh3 Kd7 37. Ke1 Kc6 38. Kd2 Kc5 39. Kc3 Bc6 40. Bf1 Be8 41. Bh3 Bg6 42. Bf1 h5 43. Bh3 hxg4 44. Bxg4 Bf5 45. Bh5 g4 46. Be8 e3 47. fxe3 g3 48. e4 Bxe4 49. Bh5 g2 50. Bxf3 Bxf3 51. b4+ axb4+ 52. Kb3 g1=Q 53. a5 bxa5 54. Ka4 Qa1+ 55. Kb3 Bd1# 0-1


[Site "https://www.chess.com"]

[Event "Titled Tuesday Blitz June 27 Late 2023"]
[White "Tomaszewski, Kacper"]
[Black "Sun, Rick"]
[WhiteFideId "1127373"]
[BlackFideId "30909481"]
[WhiteElo "2464"]
[BlackElo "2593"]
[Result "1/2-1/2"]
[Round "7"]
[TimeControl "180+2"]
[Date "2023.06.27"]
[WhiteClock "0:00:05"]
[BlackClock "0:00:07"]
[Board "69"]

1. e4 d6 2. d4 Nf6 3. Nc3 Nbd7 4. Nge2 e5 5. h3 c6 6. g4 h6 7. Bg2 b6 8. O-O b5 9. Ng3 b4 10. Nce2 Qc7 11. f4 g6 12. g5 hxg5 13. fxe5 dxe5 14. Bxg5 Bg7 15. dxe5 Qxe5 16. Bf4 Qc5+ 17. Kh1 Ne5 18. a3 Bxh3 19. Bxh3 Rxh3+ 20. Kg2 Rh4 21. axb4 Qe7 22. Ra5 Neg4 23. e5 Qxb4 24. exf6 Bxf6 25. Qd6 Rh2+ 26. Kg1 Qxa5 27. Qxc6+ Kf8 28. Qxa8+ Kg7 29. Qf3 Qb6+ 30. Be3 Nxe3 31. Kxh2 Nxf1+ 32. Qxf1 Qxb2 33. Qd1 Be5 34. Qd3 a5 35. Qe4 a4 36. Qxa4 Qb8 37. Kg2 Qc7 38. Qe4 f5 39. Qd3 Qc6+ 40. Kf1 Qc7 41. c4 Bf6 42. Qd5 Qa7 43. Kg2 Qe3 44. Qd7+ Kh6 45. Qxf5 Qxe2+ 46. Nxe2 gxf5 47. Kf3 Kg6 48. Nf4+ Kf7 49. Ke3 Bg5 50. Kf3 Kf6 51. c5 Bxf4 52. Kxf4 Ke6 53. c6 Kd6 54. Kxf5 Kxc6 1/2-1/2


[Site "https://www.chess.com"]

[Event "Titled Tuesday Blitz June 27 Late 2023"]
[White "Luong Phuong Hanh"]
[Black "MKlose11"]
[WhiteFideId "12401013"]
[WhiteElo "2458"]
[BlackElo "2592"]
[Result "0-1"]
[Round "7"]
[TimeControl "180+2"]
[Date "2023.06.27"]
[WhiteClock "0:00:34"]
[BlackClock "0:00:09"]
[Board "70"]

1. d4 Nf6 2. Nf3 c5 3. e3 g6 4. d5 Bg7 5. Nc3 O-O 6. Be2 d6 7. e4 b5 8. Bxb5 Nxe4 9. O-O Nxc3 10. bxc3 Bxc3 11. Bh6 Bg7 12. Bxg7 Kxg7 13. h3 Nd7 14. Re1 Nf6 15. Bc6 Rb8 16. Qe2 e6 17. c4 exd5 18. cxd5 Bb7 19. Rad1 Bxc6 20. dxc6 Rc8 21. Qa6 Qc7 22. Re2 Rfd8 23. Ng5 h6 24. Ne4 Nxe4 25. Rxe4 Qxc6 26. Qe2 Rd7 27. Qb2+ Kh7 28. Rh4 d5 29. Qd2 h5 30. Qg5 d4 31. Rd3 Rd5 32. Qf4 Kg7 33. Rf3 Rf5 34. Qg3 Rxf3 35. gxf3 Qd5 36. Re4 d3 37. Re5 Qd6 38. f4 d2 39. Qc3 Kh7 40. Kg2 d1=Q 41. Re3 Q1d4 42. Qb3 Q6d5+ 43. Qxd5 Qxd5+ 44. Kh2 c4 45. Rg3 c3 46. h4 c2 47. Kh3 c1=Q 48. Kh2 Qch1# 0-1


[Site "https://www.chess.com"]

[Event "Titled Tuesday Blitz June 27 Late 2023"]
[White "Ballester Llagaria, Luis Eduardo"]
[Black "Mazurkiewicz, Michal"]
[WhiteFideId "2297620"]
[BlackFideId "1124943"]
[WhiteElo "2591"]
[BlackElo "2452"]
[Result "1-0"]
[Round "7"]
[TimeControl "180+2"]
[Date "2023.06.27"]
[WhiteClock "0:01:42"]
[BlackClock "0:01:48"]
[Board "71"]

1. e4 d6 2. d4 Nf6 3. Nc3 c6 4. f4 Qb6 5. e5 Nd5 6. Nxd5 cxd5 7. Bd3 Nc6 8. c3 g6 9. Nf3 Bg4 10. h3 Bxf3 11. Qxf3 e6 12. O-O dxe5 13. fxe5 Nxe5 14. Qf6 Nxd3 15. Qxf7+ Kd8 16. Bg5+ Kc8 17. Qe8+ Kc7 18. Rf7+ Kd6 19. Qd7# 1-0


[Site "https://www.chess.com"]

[Event "Titled Tuesday Blitz June 27 Late 2023"]
[White "Karthik, Advaith"]
[Black "lagarto93"]
[WhiteFideId "30946050"]
[WhiteElo "2449"]
[BlackElo "2590"]
[Result "1-0"]
[Round "7"]
[TimeControl "180+2"]
[Date "2023.06.27"]
[WhiteClock "0:00:14"]
[BlackClock "0:00:50"]
[Board "72"]

1. d4 e6 2. c4 Nf6 3. Nc3 Bb4 4. g3 O-O 5. Qc2 d6 6. Bg2 Nbd7 7. Nf3 e5 8. O-O Re8 9. dxe5 dxe5 10. Rd1 c6 11. a3 Bxc3 12. Qxc3 Qe7 13. b4 Nf8 14. Bb2 Ng6 15. h4 Bf5 16. c5 Nd5 17. Qe1 e4 18. Nd4 Bg4 19. f3 exf3 20. exf3 Qc7 21. Qf2 Bd7 22. Re1 Ne5 23. Rad1 Nc4 24. Bc1 a5 25. Nb5 cxb5 26. Rxd5 Bc6 27. Rdd1 Rxe1+ 28. Rxe1 axb4 29. axb4 Rd8 30. Bf1 h6 31. Bf4 Qc8 32. Bxc4 bxc4 33. Bd6 Qf5 34. Kg2 c3 35. Rc1 Re8 36. Rxc3 Bb5 37. Re3 Rxe3 38. Qxe3 Qc2+ 39. Qf2 Qb3 40. Qd2 Bc6 41. Qf4 Qc2+ 42. Kh3 Qd1 43. g4 Bxf3 44. Kg3 Bd5 45. Qf2 Qd3+ 46. Kh2 Qe4 47. Kg3 Be6 48. Qf4 Qe1+ 49. Qf2 Qxb4 50. Qf4 Bd5 51. Qxb4 1-0


[Site "https://www.chess.com"]

[Event "Titled Tuesday Blitz June 27 Late 2023"]
[White "Gulamali, Kazim"]
[Black "ATM622"]
[WhiteFideId "2024764"]
[WhiteElo "2447"]
[BlackElo "2585"]
[Result "0-1"]
[Round "7"]
[TimeControl "180+2"]
[Date "2023.06.27"]
[WhiteClock "0:00:40"]
[BlackClock "0:01:41"]
[Board "73"]

1. e4 c6 2. d4 d5 3. e5 c5 4. dxc5 e6 5. Qg4 Nc6 6. Nf3 h5 7. Qf4 Bxc5 8. c3 Nge7 9. Bd3 Qb6 10. O-O Nf5 11. Bxf5 exf5 12. b4 Be7 13. a4 Nd8 14. Be3 Qg6 15. Bd4 Ne6 16. Qe3 f4 17. Qe2 h4 18. Kh1 h3 19. g3 Qe4 20. Re1 Qxe2 21. Rxe2 g5 22. Nbd2 g4 23. Ng1 f3 24. Re3 Nxd4 25. cxd4 Bg5 0-1


[Site "https://www.chess.com"]

[Event "Titled Tuesday Blitz June 27 Late 2023"]
[White "Mickiewicz, Piotr"]
[Black "Przybylski, Wojciech"]
[WhiteFideId "1114891"]
[BlackFideId "1117599"]
[WhiteElo "2447"]
[BlackElo "2584"]
[Result "1-0"]
[Round "7"]
[TimeControl "180+2"]
[Date "2023.06.27"]
[WhiteClock "0:00:14"]
[BlackClock "0:00:04"]
[Board "74"]

1. e4 e5 2. Nf3 Nc6 3. Bb5 Nf6 4. Qe2 d6 5. c3 Be7 6. O-O O-O 7. Rd1 a6 8. Ba4 b5 9. Bc2 Re8 10. d3 Bb7 11. Nbd2 Nb8 12. Nf1 d5 13. Ng3 Nbd7 14. Nf5 Bf8 15. Bg5 c5 16. a4 Qb6 17. axb5 axb5 18. Rxa8 Bxa8 19. Ra1 Bb7 20. h3 h6 21. Bd2 c4 22. exd5 Bxd5 23. dxc4 bxc4 24. Be3 Qc6 25. Ba4 Qb7 26. Bxd7 Nxd7 27. Ra7 Qc6 28. N3h4 Nf6 29. Qd1 Be4 30. Qa4 Rb8 31. Qxc6 Bxc6 32. Ne7+ Bxe7 33. Rxe7 Nd7 34. Nf5 Rxb2 35. Nd6 f6 36. Nf5 Kf8 37. Rxg7 Be4 38. Bxh6 Bxf5 39. Rxd7+ Ke8 40. Rc7 Be6 41. Bg7 Kd8 42. Ra7 e4 43. Bxf6+ Kc8 44. Bd4 Rb1+ 45. Kh2 Bd5 46. Kg3 Rd1 47. Ra5 Bc6 48. Rc5 Kd7 49. Rxc4 Rg1 50. Be3 Rh1 51. Rd4+ Ke6 52. c4 Ra1 53. Rd8 Ra4 54. c5 Bd7 55. Rh8 Kd5 56. Rh5+ Kc4 57. Rg5 Ra6 58. Re5 Bc6 59. h4 Ra8 60. h5 Rh8 61. Kh4 Kd3 62. g4 Ke2 63. g5 Be8 64. Rxe8 Rxe8 65. g6 Kf3 66. Kg5 Re6 67. Kf5 Re8 68. h6 Rf8+ 69. Ke6 Kg4 70. g7 Rc8 71. h7 Rc6+ 72. Kd5 Rg6 73. g8=Q Kf3 74. Qxg6 Ke2 75. Qxe4 Kf1 76. f4 Ke2 77. f5 1-0


[Site "https://www.chess.com"]

[Event "Titled Tuesday Blitz June 27 Late 2023"]
[White "szachmistrz2500"]
[Black "Bayo Milagro, Alvaro"]
[BlackFideId "22275240"]
[WhiteElo "2446"]
[BlackElo "2576"]
[Result "1/2-1/2"]
[Round "7"]
[TimeControl "180+2"]
[Date "2023.06.27"]
[WhiteClock "0:01:05"]
[BlackClock "0:01:29"]
[Board "75"]

1. d4 d5 2. Nf3 Nf6 3. c4 e6 4. Nc3 Be7 5. Bg5 O-O 6. e3 b6 7. cxd5 Nxd5 8. Bxe7 Qxe7 9. Nxd5 exd5 10. Rc1 Be6 11. Bd3 c5 12. O-O Nc6 13. h3 Rfd8 14. Bb5 Rac8 15. Qa4 Qd6 16. dxc5 bxc5 17. Rfd1 Ne5 18. Nxe5 Qxe5 19. b3 Qg5 20. Kf1 Qe5 21. Kg1 Qg5 22. Kf1 Qe5 23. Kg1 1/2-1/2


[Site "https://www.chess.com"]

[Event "Titled Tuesday Blitz June 27 Late 2023"]
[White "liwadas82"]
[Black "Pinheiro, Iung Alicio de O."]
[BlackFideId "2104350"]
[WhiteElo "2443"]
[BlackElo "2575"]
[Result "0-1"]
[Round "7"]
[TimeControl "180+2"]
[Date "2023.06.27"]
[WhiteClock "0:00:34"]
[BlackClock "0:00:08"]
[Board "76"]

1. e4 e5 2. Nf3 Nc6 3. Bb5 a6 4. Ba4 d6 5. O-O Bd7 6. c3 Nge7 7. d4 Ng6 8. d5 Nb8 9. Bxd7+ Qxd7 10. c4 Be7 11. Nc3 O-O 12. b4 f5 13. a4 a5 14. Ba3 axb4 15. Bxb4 Na6 16. Ba3 fxe4 17. Nxe4 Qf5 18. Nfd2 Nf4 19. g3 Qg6 20. Kh1 Nd3 21. Qe2 Ndb4 22. Nb3 c5 23. dxc6 bxc6 24. Rad1 d5 25. cxd5 cxd5 26. Nc3 Qc6 27. Qxe5 Bf6 28. Nxd5 Bxe5 29. Na5 Qxa4 30. Ne7+ Kh8 31. Bxb4 Nxb4 32. Nb7 Qb5 33. Rfe1 Qxb7+ 34. Kg1 Qxe7 35. Re2 Nc6 36. Rde1 Rae8 37. f4 Bd4+ 38. Kf1 Qf7 39. Re4 Rxe4 40. Rxe4 Qc4+ 41. Kg2 Qd5 42. Kf3 Re8 0-1


[Site "https://www.chess.com"]

[Event "Titled Tuesday Blitz June 27 Late 2023"]
[White "Ai, Evan"]
[Black "Ganiev, Roman"]
[WhiteFideId "2094770"]
[BlackFideId "4131452"]
[WhiteElo "2434"]
[BlackElo "2573"]
[Result "0-1"]
[Round "7"]
[TimeControl "180+2"]
[Date "2023.06.27"]
[WhiteClock "0:00:01"]
[BlackClock "0:00:31"]
[Board "77"]

1. d4 Nf6 2. c4 e6 3. Nf3 b6 4. g3 Bb7 5. Bg2 Bb4+ 6. Bd2 Be7 7. Nc3 O-O 8. Qc2 c6 9. e4 d5 10. e5 Nfd7 11. b3 Na6 12. a3 Rc8 13. h4 c5 14. cxd5 cxd4 15. Nxd4 Nxe5 16. O-O Bc5 17. Qe4 Ng6 18. Be3 exd5 19. Nxd5 Nc7 20. Ne7+ Nxe7 21. Qxb7 Bxd4 22. Rad1 Ne6 23. Bxd4 Nxd4 24. Rfe1 Nef5 25. Bh3 Qf6 26. Qxa7 Rc3 27. Re4 Nxg3 28. fxg3 Rxg3+ 29. Bg2 Qf3 30. Rd2 Qxe4 31. Kh2 Qxh4+ 32. Kg1 Nf3+ 33. Kf2 Nxd2 0-1


[Site "https://www.chess.com"]

[Event "Titled Tuesday Blitz June 27 Late 2023"]
[White "Ezat, Mohamed"]
[Black "Labussiere, Yago"]
[WhiteFideId "10600906"]
[BlackFideId "2186969"]
[WhiteElo "2563"]
[BlackElo "2434"]
[Result "0-1"]
[Round "7"]
[TimeControl "180+2"]
[Date "2023.06.27"]
[WhiteClock "0:01:32"]
[BlackClock "0:00:25"]
[Board "78"]

1. e4 c5 2. d4 cxd4 3. c3 Nf6 4. e5 Nd5 5. Nf3 d6 6. Bc4 Nb6 7. Bb3 Nc6 8. e6 Bxe6 9. Bxe6 fxe6 10. O-O dxc3 11. Nxc3 Qd7 12. Re1 e5 13. a4 g6 14. a5 Nc8 15. a6 Bg7 16. Nd5 bxa6 17. Qa4 Nb6 18. Qb3 Nxd5 19. Qxd5 e6 20. Qc4 O-O 21. Rxa6 Rac8 22. Qa4 Rf7 23. Ng5 Re7 24. Qa2 Nd4 25. Ne4 Ne2+ 26. Kh1 Nxc1 27. Qb1 d5 28. Nd6 Rc6 29. Rxc1 Rxa6 30. Rc8+ Bf8 31. Qc1 Qxd6 32. h4 e4 33. g3 Rf7 34. Kg2 Qb6 35. Qd2 e3 36. fxe3 Ra2 37. Rc2 Rb7 38. e4 Rxb2 39. exd5 Rxc2 40. Qxc2 Qb2 41. Qxb2 Rxb2+ 42. Kh3 exd5 43. h5 d4 44. h6 Re2 45. g4 Re8 46. g5 d3 47. Kg4 d2 48. Kf4 d1=Q 49. Kg3 Qd3+ 50. Kh4 Re4# 0-1


[Site "https://www.chess.com"]

[Event "Titled Tuesday Blitz June 27 Late 2023"]
[White "Palencia Morales, Wilson Guillermo"]
[Black "Nunez V, Gustavo Eduardo"]
[WhiteFideId "4401859"]
[BlackFideId "4403690"]
[WhiteElo "2561"]
[BlackElo "2434"]
[Result "0-1"]
[Round "7"]
[TimeControl "180+2"]
[Date "2023.06.27"]
[WhiteClock "0:00:00"]
[BlackClock "0:00:44"]
[Board "79"]

1. d4 Nf6 2. c4 g6 3. Nf3 Bg7 4. Nc3 d6 5. e4 O-O 6. Be2 Nbd7 7. h3 e5 8. d5 Nc5 9. Qc2 a5 10. Bg5 h6 11. Be3 b6 12. Nd2 Nfd7 13. g4 Re8 14. h4 Nf8 15. O-O-O Bd7 16. Nf1 a4 17. Qd2 a3 18. b3 Kh7 19. Ng3 Na6 20. Rdg1 Qe7 21. g5 h5 22. Qd1 Nb4 23. Kd2 c6 24. Bxh5 gxh5 25. Qxh5+ Kg8 26. Nf5 Bxf5 27. exf5 cxd5 28. f6 Qb7 29. fxg7 Ng6 30. cxd5 Nxd5 31. Ne4 Kxg7 32. Qf3 Ngf4 33. Nxd6 Qd7 34. Nxe8+ Rxe8 35. Bxf4 Nxf4+ 36. Ke1 Rc8 37. Qe3 Qd5 38. h5 Rc2 39. h6+ Kh7 0-1


[Site "https://www.chess.com"]

[Event "Titled Tuesday Blitz June 27 Late 2023"]
[White "Hoffmann, Asa"]
[Black "ElDivis"]
[WhiteFideId "2001470"]
[WhiteElo "2432"]
[BlackElo "2556"]
[Result "1-0"]
[Round "7"]
[TimeControl "180+2"]
[Date "2023.06.27"]
[WhiteClock "0:01:18"]
[BlackClock "0:00:00"]
[Board "80"]

1. d4 Nf6 2. Bg5 Ne4 3. Bf4 c5 4. f3 Qa5+ 5. c3 Nf6 6. d5 e6 7. e4 Qb6 8. b3 Bd6 9. Nh3 Bxf4 10. Nxf4 O-O 11. Na3 exd5 12. exd5 Re8+ 13. Be2 Qd6 14. Qd2 g5 15. Nh3 Qxd5 16. Qxg5+ Qxg5 17. Nxg5 d5 18. Nb5 h6 19. Nh3 Bxh3 20. gxh3 Re7 21. Kf2 Nc6 22. Nd6 d4 23. Nf5 Re5 24. Nxh6+ Kg7 25. Ng4 Nxg4+ 26. hxg4 Rae8 27. Bc4 dxc3 28. Rac1 b5 29. Bxb5 R8e6 30. Bxc6 Rxc6 31. Rxc3 Rd6 32. Rc2 Rd3 33. Rf1 Ree3 34. Kg3 f5 35. gxf5 Kf6 36. Rxc5 Rd2 37. Rf2 Rd1 38. h4 Rg1+ 39. Kf4 Rg8 40. Rc6+ 1-0


[Site "https://www.chess.com"]

[Event "Titled Tuesday Blitz June 27 Late 2023"]
[White "David, Bogdan-Emanuel"]
[Black "KorolDimitriy75"]
[WhiteFideId "1229907"]
[WhiteElo "2553"]
[BlackElo "2427"]
[Result "1-0"]
[Round "7"]
[TimeControl "180+2"]
[Date "2023.06.27"]
[WhiteClock "0:01:11"]
[BlackClock "0:00:00"]
[Board "81"]

1. e4 c5 2. Nc3 g6 3. g3 Bg7 4. Bg2 Nc6 5. d3 d6 6. f4 e5 7. Nf3 Nge7 8. O-O O-O 9. Kh1 f5 10. Nd5 h6 11. c3 Be6 12. Nxe7+ Qxe7 13. fxe5 dxe5 14. Nh4 Kh7 15. exf5 gxf5 16. Qh5 Qf7 17. Qxf7 Rxf7 18. Be3 Rd8 19. Rad1 Bxa2 20. Nxf5 Rfd7 21. Bxc5 Rxd3 22. Rxd3 Rxd3 23. Ne3 Rd2 24. b4 a6 25. Be4+ Kg8 26. Kg1 Be6 27. Rf2 Rxf2 28. Kxf2 Kf7 29. c4 Bf6 30. b5 axb5 31. cxb5 Na5 32. Bb4 Nc4 33. Bxb7 1-0


[Site "https://www.chess.com"]

[Event "Titled Tuesday Blitz June 27 Late 2023"]
[White "Golubev, Mikhail"]
[Black "Figorito, Nick"]
[WhiteFideId "14100983"]
[BlackFideId "30923689"]
[WhiteElo "2547"]
[BlackElo "2423"]
[Result "1-0"]
[Round "7"]
[TimeControl "180+2"]
[Date "2023.06.27"]
[WhiteClock "0:01:04"]
[BlackClock "0:00:10"]
[Board "82"]

1. e4 e6 2. d3 d5 3. Nd2 Nc6 4. Ngf3 Nf6 5. e5 Nd7 6. d4 f6 7. exf6 Nxf6 8. Bb5 Bd6 9. O-O O-O 10. Re1 a6 11. Bxc6 bxc6 12. Nb3 Ne4 13. Be3 Bd7 14. Nc5 Rf5 15. Nxe4 dxe4 16. Nd2 Bxh2+ 17. Kxh2 Qh4+ 18. Kg1 Rh5 19. f3 Qh2+ 20. Kf2 Qh4+ 21. Ke2 Qg3 22. Nxe4 Qxg2+ 23. Kd3 c5 24. Rg1 c4+ 25. Kc3 1-0


[Site "https://www.chess.com"]

[Event "Titled Tuesday Blitz June 27 Late 2023"]
[White "Prydun, Andriy"]
[Black "O`Gorman, Tom"]
[WhiteFideId "14145898"]
[BlackFideId "2508249"]
[WhiteElo "2400"]
[BlackElo "2547"]
[Result "1/2-1/2"]
[Round "7"]
[TimeControl "180+2"]
[Date "2023.06.27"]
[WhiteClock "0:00:04"]
[BlackClock "0:00:12"]
[Board "83"]

1. e4 c5 2. Nf3 d6 3. c3 Nf6 4. g3 g6 5. Bg2 Bg7 6. O-O O-O 7. Re1 Nc6 8. d4 cxd4 9. cxd4 Bg4 10. Nc3 Nd7 11. Be3 e5 12. Nb5 exd4 13. Nbxd4 Nde5 14. h3 Nxd4 15. hxg4 Ndxf3+ 16. Bxf3 Nc4 17. Bf4 Nxb2 18. Qb3 Rc8 19. Rac1 Qa5 20. Bxd6 Rfd8 21. e5 Nc4 22. Bb4 Qa6 23. e6 fxe6 24. Bc3 b5 25. Bxg7 Kxg7 26. Qc3+ e5 27. Be2 Qf6 28. a4 a6 29. axb5 axb5 30. Qb4 Rf8 31. Rf1 Qc6 32. Rb1 Qe4 33. Rfe1 Qd4 34. Rf1 Nd2 35. Qxd4 exd4 36. Rxb5 Nxf1 37. Bxf1 Rc2 38. Rb7+ Rf7 39. Rxf7+ Kxf7 40. f4 Kf6 41. Bd3 Rd2 42. Be4 g5 43. Bxh7 Rb2 44. Be4 Re2 45. Bh7 Kg7 46. Bf5 Kf6 47. Kf1 Rh2 48. Kg1 Rb2 49. Kf1 Rb3 50. Kf2 Re3 51. Bh7 Ra3 52. Bf5 d3 53. Ke3 d2+ 54. Kxd2 Rxg3 55. fxg5+ Kxg5 56. Kc2 Kf4 57. Kb2 Ke5 58. Ka1 Kd4 59. Kb1 Kc3 60. Ka1 Kb3 61. Be6+ Kc3 62. Bf5 Rg2 63. Bb1 Rxg4 64. Ba2 Ra4 65. Kb1 Kd2 66. Kb2 Rb4+ 67. Ka1 Rb8 68. Bb1 Kc1 69. Ba2 Kc2 70. Bf7 Ra8+ 71. Ba2 Rf8 72. Bb1+ Kc3 73. Ba2 Rf2 74. Bb1 Rf6 75. Ba2 Ra6 76. Kb1 Rh6 77. Ka1 Rb6 78. Bb1 Kd2 79. Ba2 Kc1 80. Bf7 Kc2 81. Ba2 Rf6 82. Bb1+ Kc3 83. Ba2 Rd6 84. Bb1 Rd8 85. Ba2 Rb8 86. Bb1 Rb6 87. Ba2 Rb2 88. Bb1 Rf2 89. Ba2 Rf1+ 90. Bb1 Re1 91. Ka2 Re5 92. Ka1 Rb5 93. Ba2 Rb2 94. Bb1 Kb3 95. Bf5 Re2 96. Bb1 Re5 97. Bg6 Ra5+ 98. Kb1 Ra6 99. Bf7+ Kc3 100. Ba2 Rf6 101. Ka1 1/2-1/2


[Site "https://www.chess.com"]

[Event "Titled Tuesday Blitz June 27 Late 2023"]
[White "Nasir, Zehn"]
[Black "Guzman Moneo, Alberto"]
[WhiteFideId "2613239"]
[BlackFideId "2209616"]
[WhiteElo "2541"]
[BlackElo "2390"]
[Result "0-1"]
[Round "7"]
[TimeControl "180+2"]
[Date "2023.06.27"]
[WhiteClock "0:00:24"]
[BlackClock "0:00:18"]
[Board "84"]

1. d4 Nf6 2. Bf4 c5 3. e3 Qb6 4. Nc3 d6 5. Rb1 g6 6. Nf3 Bg7 7. Bc4 O-O 8. O-O Bg4 9. dxc5 Qxc5 10. Be2 Nbd7 11. h3 Bf5 12. Nd4 Rac8 13. Bf3 Qb6 14. Nxf5 gxf5 15. Qd3 Qa5 16. Bh2 Rfd8 17. Nd5 Nxd5 18. Bxd5 e6 19. Bxb7 Nc5 20. b4 Nxd3 21. bxa5 Rxc2 22. Rfd1 Nc5 23. a6 Rxa2 24. Rxd6 Rxd6 25. Bxd6 Nd7 26. Rc1 Be5 27. Bb4 f4 28. exf4 Bxf4 29. g3 Bxc1 30. Bc8 Nb6 31. Bc5 Nxc8 0-1


[Site "https://www.chess.com"]

[Event "Titled Tuesday Blitz June 27 Late 2023"]
[White "Hajiyev, Kanan"]
[Black "BenchGM"]
[WhiteFideId "13404148"]
[WhiteElo "2538"]
[BlackElo "2389"]
[Result "1-0"]
[Round "7"]
[TimeControl "180+2"]
[Date "2023.06.27"]
[WhiteClock "0:01:29"]
[BlackClock "0:00:40"]
[Board "85"]

1. d4 Nf6 2. Nf3 d5 3. c4 e6 4. cxd5 exd5 5. Nc3 c6 6. Qc2 Bg4 7. Ne5 Bh5 8. f4 Bb4 9. e3 Ne4 10. Bd3 Qh4+ 11. g3 Nxg3 12. Qf2 f6 13. Qxg3 Qxg3+ 14. hxg3 fxe5 15. Rxh5 e4 16. Be2 Nd7 17. Bd2 Nf6 18. Rh2 Bd6 19. g4 b5 20. g5 Nd7 21. Kf2 a5 22. Rah1 Nf8 23. a4 b4 24. Nb1 b3 25. Bg4 Kf7 26. Bf5 g6 27. Bg4 Kg7 28. Rc1 Ra6 29. Be2 1-0


[Site "https://www.chess.com"]